 Dungeon Crawl Stone Soup version 0.24.0-37-gcf1ca852f1 (webtiles) character file.

Game seed: 15140310012104778839, levelgen mode: deterministic

52 FishyPogo the Ducker (level 3, -7/35 HPs)
             Began as a Gnoll Monk on Dec 1, 2019.
             Killed by divine providence
             ... invoked by an orc priest
              (11 damage)
             ... on level 5 of the Dungeon.
             The game lasted 00:02:51 (720 turns).

FishyPogo the Ducker (Gnoll Monk)                    Turns: 720, Time: 00:02:52

Health: -7/35      AC:  2    Str: 13 (14) XL:     3   Next: 85%
Magic:  4/4        EV: 16    Int: 11 (12) God:
Gold:   12         SH:  0    Dex: 16 (17) Spells: 3/3 levels left

rFire    + . .     SeeInvis .   a - +0 short sword
rCold    x . .     Gourm    .   (no shield)
rNeg     . . .     Faith    .   b - +0 robe
rPois    .         Spirit   .   (no helmet)
rElec    .         Reflect  .   (no cloak)
rCorr    .         Harm     .   (no gloves)
MR       .....                  (no boots)
Stlth    +++.......             (no amulet)
HPRegen  0.11/turn              e - ring of fire
MPRegen  0.09/turn              (no ring)

@: flying
A: distributed training, fangs 1, strong nose
a: no special abilities


You were on level 5 of the Dungeon.
You were not hungry.

You visited 1 branch of the dungeon, and saw 5 of its levels.

You collected 12 gold pieces.

Inventory:

Hand Weapons
 a - a +0 short sword (weapon)
Missiles
 h - 13 stones (quivered)
Armour
 b - a +0 robe (worn)
Jewellery
 e - a ring of fire (left hand)
Scrolls
 f - 3 scrolls of immolation {unknown}
Potions
 g - a potion of degeneration
Comestibles
 c - a ration


   Skills:
 + Level 6.5 Fighting
 + Level 6.5 Short Blades
 + Level 0.9 Long Blades
 + Level 0.9 Axes
 + Level 0.9 Maces & Flails
 + Level 0.9 Polearms
 + Level 0.9 Staves
 + Level 0.9 Slings
 + Level 0.9 Bows
 + Level 0.9 Crossbows
 + Level 0.9 Throwing
 + Level 0.9 Armour
 + Level 6.5 Dodging
 + Level 4.2 Stealth
 + Level 0.9 Shields
 + Level 0.9 Unarmed Combat
 + Level 0.9 Spellcasting
 + Level 0.6 Conjurations
 + Level 0.6 Hexes
 + Level 0.6 Charms
 + Level 0.6 Summonings
 + Level 0.6 Necromancy
 + Level 0.6 Translocations
 + Level 0.6 Transmutations
 + Level 0.6 Fire Magic
 + Level 0.6 Ice Magic
 + Level 0.6 Air Magic
 + Level 0.6 Earth Magic
 + Level 0.6 Poison Magic
 + Level 1.0 Invocations
 + Level 0.9 Evocations


You had 3 spell levels left.
You didn't know any spells.
Your spell library was empty.

Dungeon Overview and Level Annotations

Branches:
Dungeon (5/15)
 Temple: D:4-7

Altars:
Ru


Innate Abilities, Weirdness & Mutations

Your experience applies equally to all skills.
You have very sharp teeth.
Your uncanny sense of smell can sniff out nearby items.


Message History

Deactivating autopickup; reactivate with Ctrl-A.
The quokka misses you.
A worker ant zombie comes into view.
An orc priest comes into view. It is wielding a +0 hand axe.
Found 13 gold pieces.
The orc priest looks encouraged for a moment.
A worker ant zombie comes into view.
Found a helmet.
There is a stone staircase leading down here.
You barely miss the orc. The orc completely misses you.
It was a potion of degeneration.
There was something very wrong with that liquid.
You feel weakened.
You feel dopey.
You feel clumsy. The orc misses you.
It was a potion of flight.
You feel very buoyant.
You fly up into the air.
The orc priest calls down the wrath of Beogh upon you.
Beogh smites you!
You die...

## ?. ..# #.# #.#
#.########.# #
#..........# .### #
###..........# ..... .∆
............###.....[
####.....[....ro@.....Z.
..(..........oo###..o..#
#####..........####..Z##
#.........o.......$.
#..........##...###.
#........(## ..#
###.....<## .#
#....#.####.. #
#.............


You could see an orc priest, 3 orcs, 2 worker ant zombies and a quokka.

Vanquished Creatures
  A bullfrog skeleton (D:4)
  An adder (D:3)
  An ooze (D:4)
  A worm (D:2)
  2 hobgoblins
  3 kobolds (D:2)
  3 frilled lizards
12 creatures vanquished.

Notes
Turn   | Place    | Note
-------+----------+-------------------------------------------
     0 | D:1      | FishyPogo the Gnoll Monk began the quest for the Orb.
     0 | D:1      | Reached XP level 1. HP: 23/23 MP: 1/1
   135 | D:3      | Noticed an orc warrior
   160 | D:2      | Reached XP level 2. HP: 29/29 MP: 2/2
   382 | D:4      | Found a sacrificial altar of Ru.
   382 | D:4      | Noticed an ogre
   420 | D:4      | Reached skill level 1 in Invocations
   420 | D:4      | Reached XP level 3. HP: 7/35 MP: 2/4
   490 | D:4      | Noticed a phantom
   682 | D:5      | Entered Level 5 of the Dungeon
   683 | D:5      | Noticed a centaur
   720 | D:5      | Killed from afar by an orc priest

Levels and vault maps discovered:
D:1:      shiori_arrival_elements, layout_basic, serial_glass, glass_columns_c,
          glass_columns_a
D:2:      minmay_diamond_boxcup, layout_loops_ring
D:3:      layout_loops_corners, due_unseen_surprise
D:4:      layout_loops_cross, okawaru_gym_becter, gammafunk_ghost_nasty_kobolds,
          first_ration, nicolae_ru_great_annihilating_truth
D:5:      layout_loops_ring, gammafunk_temple_overflow_wave,
          uniq_crazy_yiuf_cottage

Skill      XL: |  1  2 |
---------------+-------+-----
Invocations    | 1 |  1.0
Fighting       | |  6.5
Short Blades   | |  6.5
Long Blades    | |  0.9
Axes           | |  0.9
Maces & Flails | |  0.9
Polearms       | |  0.9
Staves         | |  0.9
Slings         | |  0.9
Bows           | |  0.9
Crossbows      | |  0.9
Throwing       | |  0.9
Armour         | |  0.9
Dodging        | |  6.5
Stealth        | |  4.2
Shields        | |  0.9
Unarmed Combat | |  0.9
Spellcasting   | |  0.9
Conjurations   | |  0.6
Hexes          | |  0.6
Charms         | |  0.6
Summonings     | |  0.6
Necromancy     | |  0.6
Translocations | |  0.6
Transmutations | |  0.6
Fire Magic     | |  0.6
Ice Magic      | |  0.6
Air Magic      | |  0.6
Earth Magic    | |  0.6
Poison Magic   | |  0.6
Evocations     | |  0.9

Action                   || total
-------------------------++-------
Melee: Short sword       ||    60
       Bite              ||     5
  Use: Potion            ||     2
 Stab: Sleeping          ||     3
Armor: Robe              ||     1
Dodge: Dodged            ||    44
